 Dungeon Crawl Stone Soup version 0.22-a0-422-g9628fc8 (webtiles) character file.

96767 Jynxie the Severer (level 15, -7/139 HPs)
             Began as a Black Draconian Berserker on May 22, 2018.
             Was an Elder of Trog.
             Mangled by a spriggan rider
             ... wielding a +0 spear
              (14 damage)
             ... on level 1 of the Swamp.
             The game lasted 02:09:57 (36411 turns).

Jynxie the Severer (Black Draconian Berserker)     Turns: 36411, Time: 02:09:58

Health: -7/139     AC: 18    Str: 26    XL:     15   Next: 70%
Magic:  15/15      EV: 21    Int:  8    God:    Trog [****..]
Gold:   1678       SH:  0    Dex: 16    Spells: 14/14 levels left

rFire    . . .     SeeInvis .   U - +3 executioner's axe (elec)
rCold    . . .     Gourm    .   (shield currently unavailable)
rNeg     . . .     Faith    .   (armour unavailable)
rPois    .         Spirit   .   (helmet restricted)
rElec    +         Reflect  .   j - +2 cloak
rCorr    .         Harm     .   g - +2 pair of gloves {archery}
MR       +....                  k - +2 pair of boots {Fly}
Stlth    +.........             i - amulet of magic regeneration {!d}
HPRegen  0.33/turn              h - +6 ring of strength
MPRegen  0.39/turn              w - +3 ring of slaying

@: berserk cooldown, flying, slowed, studying 4 skills, very slow
A: breathe lightning, unfitting armour, big wings, electricity resistance,
cold-blooded, AC +9
a: Breathe Lightning, Stop Flying, Berserk, Trog's Hand, Brothers in Arms,
Renounce Religion


You were on level 1 of the Swamp.
You worshipped Trog.
Trog was greatly pleased with you.
You were hungry.

You visited 4 branches of the dungeon, and saw 23 of its levels.

You collected 2068 gold pieces.
You spent 390 gold pieces at shops.

Inventory:

Hand Weapons
 b - a +0 hand axe of flaming
   (You took it off an orc on level 3 of the Dungeon)
 U - a +3 executioner's axe of electrocution (weapon)
   (You found it on level 1 of the Lair of Beasts)
Missiles
 K - 15 javelins of returning (quivered)
 L - a tomahawk of returning
 W - 10 poisoned javelins
 X - 14 javelins of penetration {!d}
Armour
 c - a +0 buckler
   (You found it on level 2 of the Dungeon)
 g - a +2 pair of gloves of archery (worn)
   (You found it on level 7 of the Dungeon)
 j - a +2 cloak (worn)
   (You found it on level 1 of the Dungeon)
 k - a +2 pair of boots of flying (worn)
   (You bought it in a shop on level 11 of the Dungeon)
Jewellery
 h - a +6 ring of strength (left hand)
   (You found it on level 1 of the Dungeon)
 i - an amulet of magic regeneration (around neck) {!d}
   (You found it on level 14 of the Dungeon)
 l - an uncursed ring of protection from magic
   (You found it on level 6 of the Lair of Beasts)
 w - a +3 ring of slaying (right hand)
   (You took it off a crimson imp on level 9 of the Dungeon)
 B - an uncursed ring of ice
   (You found it on level 15 of the Dungeon)
 M - a +5 ring of dexterity
   (You found it on level 3 of the Lair of Beasts)
 R - an uncursed ring of resist corrosion
   (You found it on level 4 of the Lair of Beasts)
 V - an uncursed ring of flight
   (You found it on level 1 of the Swamp)
Wands
 d - a wand of iceblast (26)
   (You found it on level 3 of the Lair of Beasts)
 t - a wand of flame (28)
   (You found it on level 13 of the Dungeon)
 u - a wand of paralysis (17)
   (You found it on level 9 of the Dungeon)
 v - a wand of digging (24)
   (You found it on level 8 of the Dungeon)
 x - a wand of acid (3)
   (You found it on level 9 of the Dungeon)
 E - a wand of enslavement (6)
   (You found it on level 12 of the Dungeon)
 H - a wand of clouds (5)
   (You found it on level 10 of the Dungeon)
 P - a wand of scattershot (5)
   (You found it on level 3 of the Lair of Beasts)
 Z - a wand of polymorph (22)
   (You found it on level 6 of the Lair of Beasts)
Scrolls
 o - 8 scrolls of immolation {!r}
 q - a scroll of fog
 y - a scroll of magic mapping
 z - a scroll of vulnerability {!r}
 I - 10 scrolls of remove curse {@r2}
 O - a scroll of teleportation {@r4}
 S - a scroll of identify {@r1}
 Y - 2 scrolls of enchant armour
Potions
 f - 2 potions of might
 m - 2 potions of mutation {!q}
 n - a potion of brilliance
 C - 3 potions of ambrosia
 D - 3 potions of agility
 F - 2 potions of cancellation
 J - 2 potions of magic
 Q - a potion of haste {@q3}
Books
 a - a manual of Short Blades {!d}
   (You found it on level 6 of the Lair of Beasts)
 r - a manual of Stealth {!d}
   (You found it on level 11 of the Dungeon)
 A - a manual of Slings {!d}
   (You acquired it on level 10 of the Dungeon)
 T - a manual of Fighting {!d}
   (You acquired it on level 6 of the Lair of Beasts)
Miscellaneous
 p - a lamp of fire
   (You found it on level 2 of the Lair of Beasts)
Comestibles
 e - 22 rations {!d}
 s - 6 chunks of flesh


   Skills:
 + Level 14.8 Fighting
 * Level 18.8 Axes
 + Level 9.4 Throwing
 + Level 11.4 Dodging
 + Level 4.1 Shields
 + Level 1.2 Evocations


You had 14 spell levels left.
You didn't know any spells.
Your spell library contained the following spells:

 Spells                   Type           Power        Failure   Level  Hunger
 Apportation              Tloc           #.....       41%         1    ##.....
 Summon Small Mammal      Summ           #...         41%         1    ##.....
 Animate Skeleton         Necr           N/A          41%         1    ##.....
 Statue Form              Tmut/Erth      #........    100%        6    #######
 Dragon Form              Tmut           #.........   100%        7    #######
 Confusing Touch          Hex            #.....       41%         1    ##.....
 Hydra Form               Tmut           #.........   100%        6    #######
 Irradiate                Conj/Tmut      #.........   100%        5    ######.


Dungeon Overview and Level Annotations

Branches:
Dungeon (15/15)            Temple (0/1) D:7            Lair (6/6) D:8
  Swamp (1/4) Lair:3       Spider (0/4) Lair:3        Slime (0/5) Lair:6
    Orc (1/2) D:10         Vaults (0/5) D:14         Depths (0/5) D:15

Altars:
Ashenzari
Cheibriados
Dithmenos
Fedhas
Gozag
Hepliaklqana
Kikubaaqudgha
Nemelex Xobeh
Okawaru
Qazlal
Ru
Trog
Uskayaw
Wu Jian
Xom
Yredelemnul
Zin
The Shining One

Shops:
D:8 (   D:10 (   D:11 [   D:13 ?[!   D:15 *   Orc:1 ?%


Innate Abilities, Weirdness & Mutations

You can breathe wild blasts of lightning.
Your glossy black scales are hard. (AC +9)
You cannot fit into any form of body armour.
Your large and strong wings let you fly indefinitely.
You are resistant to electric shocks. (rElec)
You are cold-blooded and may be slowed by cold attacks.


Message History

Trog's vigour flows through your veins.
You are exhausted.
You feel yourself slow down.
The spriggan rider hits you with a spear!!
* * * LOW HITPOINT WARNING * * *
You are too injured to fight recklessly!
Unknown command.
You miss the spriggan rider.
Your tail-slap misses the spriggan rider.
The spriggan rider hits you but does no damage.
The swamp worm throws harpoon shot at you.
The harpoon shot misses you.
You slash the spriggan rider!
Lightning courses through the spriggan rider!
The spriggan rider hits you with a spear.
* * * LOW HITPOINT WARNING * * *
The spriggan rider hits you with a spear!
* * * LOW HITPOINT WARNING * * *
The swamp worm barely misses you.
The spriggan rider hits you but does no damage.
You see here a scroll of identify {@r1}.
The swamp worm throws harpoon shot at you.
The harpoon shot misses you.
The spriggan rider hits you from afar with a spear.
* * * LOW HITPOINT WARNING * * *
You slice the swamp worm!! You tail-slap the swamp worm!
The swamp worm bites you!
* * * LOW HITPOINT WARNING * * *
The spriggan rider hits you from afar with a spear!
* * * LOW HITPOINT WARNING * * *
The swamp worm bites you!!
* * * LOW HITPOINT WARNING * * *
You cut the swamp worm into ribbons!!!
You kill the swamp worm!
Trog accepts your kill. The spriggan rider misses you.
The spriggan rider hits you from afar with a spear!
* * * LOW HITPOINT WARNING * * *
You feel better.
The spriggan rider hits you but does no damage.
Aim: a spriggan rider, wielding a spear (water, heavily wounded, chance to defeat MR: 2%)
Okay, then.
Aim: a spriggan rider, wielding a spear (water, heavily wounded, chance to defeat MR: 2%)
Okay, then.
You don't know any spells.
Okay, then.
There isn't anything here!
You fail to use your ability.
The spriggan rider hits you from afar with a spear!
You die...

♣♣.≈≈≈.≈≈..≈≈..≈
♣♣♣.........[..≈♣♣
.≈..≈≈≈.≈.....♣♣♣
≈≈≈≈≈≈≈...♣♣♣♣♣♣♣
≈≈≈≈≈≈§....♣.≈≈.♣
.≈.≈≈§..†≈♣..≈≈≈.
♣♣≈.≈≈≈.≈≈≈♣♣.≈.
♣♣.≈≈≈.≈≈≈.♣ ..
....≈..≈≈≈@♣
♣.....).≈≈?♣♣
♣........≈i≈♣
.≈≈§♣.§≈≈≈≈i.♣
.≈≈≈.≈.≈≈≈...(.≈≈
.≈≈.≈........≈≈..
...♣≈.......≈≈(≈
≈≈≈≈♣..(..≈≈≈≈≈≈
.≈≈≈♣..♣..≈≈≈≈≈≈


You could see a spriggan rider.

Vanquished Creatures
  Rupert (D:12)
  Kirke (Swamp:1)
  A fire giant (D:15)
  An orc warlord (Orc:1)
  Snorg (Lair:4)
  Fannar (Lair:2)
  4 catoblepae
  9 hydras
  A death knight (D:13)
  2 centaur warriors
  2 tengu warriors (D:12)
  6 two-headed ogres
  4 death yaks
  Urug (Lair:5)
  Sonja (D:12)
  2 spriggans (Swamp:1)
  The ghost of p0werm0de the Chopper, a novice DDFi (D:6)
  2 unseen horrors
  Pikel (D:7)
  3 deep elf magi
  An orc knight (D:15)
  2 oklob plants (Lair:4)
  A wolf spider zombie (D:11)
  18 ugly things
  An orc sorcerer (Orc:1)
  7 cyclopes
  2 manticores (Lair:6)
  3 black mambas
  10 elephants (Lair:5)
  12 spiny frogs
  4 gargoyles
  7 rime drakes
  2 kobold demonologists (D:15)
  A freezing wraith (D:15)
  10 komodo dragons
  A polar bear (Lair:5)
  A troll (Orc:1)
  3 jumping spiders
  2 hornets (Swamp:1)
  A tyrant leech (Swamp:1)
  11 slime creatures
  A bog body (Swamp:1)
  11 blink frogs
  4 dream sheep
  3 hippogriffs
  4 wraiths
  53 yaks
  The ghost of SpeedyPerson7 the Chopper, an amateur DDFi (D:4)
  4 redbacks (Lair:3)
  2 fire bats (Lair:5)
  7 hogs
  A basilisk (Lair:4)
  A hungry ghost (D:14)
  4 wyverns
  A human (D:8)
  2 steam dragons (Lair:3)
  4 wargs (Orc:1)
  10 vampire mosquitoes
  Menkaure (D:7)
  2 acid dragons
  6 swamp worms
  7 water moccasins
  8 porcupines
  20 orc warriors
  5 sky beasts
  3 ice beasts
  3 slaves (D:7)
  A hornet zombie (D:12)
  A necrophage (D:9)
  An eye of draining (D:15)
  12 ogres
  6 wolves (Lair:2)
  4 phantoms
  11 centaurs
  14 crocodiles
  A big kobold (D:9)
  Blork the orc (D:5)
  A wyvern zombie (D:7)
  11 bullfrogs
  2 scorpions
  10 wights
  2 electric eels
  6 howler monkeys
  8 crimson imps
  A bullfrog zombie (D:13)
  4 centaur zombies
  10 hounds
  6 jellies
  14 orc priests
  4 centaur skeletons
  3 bullfrog skeletons
  2 gnoll shamans
  18 orc wizards
  2 iguanas
  9 worker ants
  A killer bee zombie (D:7)
  A hound skeleton (D:4)
  2 worker ant zombies
  19 adders
  9 gnolls
  A howler monkey skeleton (D:10)
  3 shadow imps
  6 white imps (D:11)
  4 worms
  A leopard gecko (D:3)
  77 orcs
  2 ball pythons
  8 giant cockroaches
  11 goblins
  10 hobgoblins
  8 jackals
  2 quokkas
  18 bats
  6 frilled lizards
  10 kobolds
  A quokka skeleton (D:4)
  2 quokka zombies
  9 rats
  3 fungi
  A plant (Lair:4)
693 creatures vanquished.

Vanquished Creatures (collateral kills)
  The ghost of Steelmeadow the Fighter, a journeyman DrFE of Vehumet (Lair:5)
  Nessos (D:12)
  A fire dragon (D:12)
  3 elephants (Lair:5)
  3 spiny frogs
  3 rime drakes (Lair:3)
  2 steam dragons (Lair:3)
  2 vampire mosquitoes (D:12)
  An ogre (D:11)
  A crocodile (Lair:5)
  A bullfrog (Lair:5)
  6 white imps (D:11)
  An orc (D:11)
26 creatures vanquished.

Vanquished Creatures (others)
  Maurice (D:12)
  A hound (D:7)
  2 orcs (Orc:1)
  A quokka (D:7)
  A fire vortex (Lair:5)
  4 fungi
  5 plants
15 creatures vanquished.

Grand Total: 734 creatures vanquished

Notes
Turn   | Place    | Note
-------+----------+-------------------------------------------
     0 | D:1      | Jynxie the Draconian Berserker began the quest for the Orb.
     0 | D:1      | Reached XP level 1. HP: 19/19 MP: 1/1
    71 | D:1      | Reached XP level 2. HP: 23/26 MP: 2/2
   216 | D:1      | Reached XP level 3. HP: 13/33 MP: 3/3
   592 | D:1      | Found a bloodstained altar of Trog.
  1017 | D:2      | Reached ** piety under Trog
  1383 | D:2      | Reached XP level 4. HP: 40/40 MP: 4/4
  1517 | D:3      | Reached skill level 4 in Axes
  1669 | D:3      | Reached skill level 1 in Shields
  1890 | D:3      | Noticed an angel
  1892 | D:3      | Found a glowing silver altar of Zin.
  1894 | D:3      | Found a shimmering altar of Xom.
  2471 | D:4      | Reached XP level 5. HP: 46/46 MP: 5/5
  2485 | D:4      | Noticed SpeedyPerson7's ghost (amateur DDFi)
  2494 | D:4      | Killed SpeedyPerson7's ghost
  2494 | D:4      | Reached skill level 5 in Axes
  2494 | D:4      | Reached XP level 6. HP: 53/53 MP: 6/6
  2693 | D:4      | Reached *** piety under Trog
  3288 | D:5      | Entered Level 5 of the Dungeon
  3330 | D:5      | Reached skill level 5 in Fighting
  3330 | D:5      | Your scales start taking on a glossy black colour.
  3330 | D:5      | Reached XP level 7. HP: 61/61 MP: 7/7
  3330 | D:5      | Gained mutation: You are resistant to electric shocks. (rElec) [Black Draconian growth]
  3382 | D:5      | Reached skill level 6 in Axes
  3630 | D:5      | Noticed Blork the orc
  3645 | D:5      | Killed Blork the orc
  3944 | D:5      | Reached **** piety under Trog
  4488 | D:6      | Reached XP level 8. HP: 38/70 MP: 8/8
  4521 | D:6      | Reached skill level 7 in Axes
  4746 | D:6      | Reached skill level 5 in Dodging
  5070 | D:6      | Noticed p0werm0de's ghost (novice DDFi)
  5087 | D:6      | Killed p0werm0de's ghost
  5087 | D:6      | Reached skill level 8 in Axes
  5289 | D:6      | Reached XP level 9. HP: 39/78 MP: 9/9
  5290 | D:6      | Found a hazy altar of Hepliaklqana.
  6197 | D:7      | Noticed Pikel
  6352 | D:7      | Killed Pikel
  6352 | D:7      | Reached skill level 9 in Axes
  6388 | D:7      | Noticed Menkaure
  6402 | D:6      | Received a gift from Trog
  6848 | D:7      | Killed Menkaure
  7093 | D:7      | Found a staircase to the Ecumenical Temple.
  7857 | D:7      | Found an opulent altar of Gozag.
  7859 | D:7      | Found a snail-covered altar of Cheibriados.
  7861 | D:7      | Found an iron altar of Okawaru.
  7861 | D:7      | Found a sacrificial altar of Ru.
  7861 | D:7      | Found a stormy altar of Qazlal.
  7861 | D:7      | Found a shadowy altar of Dithmenos.
  7862 | D:7      | Found an ornate altar of the Wu Jian Council.
  7862 | D:7      | Found a shattered altar of Ashenzari.
  7863 | D:7      | Found a hazy altar of Hepliaklqana.
  7865 | D:7      | Found a glowing golden altar of the Shining One.
  7866 | D:7      | Found a sparkling altar of Nemelex Xobeh.
  8224 | D:8      | Reached skill level 10 in Axes
  8233 | D:8      | Received a gift from Trog
  8264 | D:8      | Noticed a two-headed ogre
  8279 | D:8      | Killed a two-headed ogre
  8279 | D:8      | Reached skill level 1 in Throwing
  8279 | D:8      | Reached XP level 10. HP: 90/90 MP: 10/10
  8542 | D:8      | Found a basalt altar of Yredelemnul.
  8544 | D:8      | Found a bloodstained altar of Trog.
  9597 | D:8      | Found a staircase to the Lair.
  9640 | D:8      | Found Lianuics's Antique Weapon Shoppe.
  9823 | D:9      | Reached skill level 11 in Axes
  9831 | D:9      | Found an ancient bone altar of Kikubaaqudgha.
 11137 | D:10     | Entered Level 10 of the Dungeon
 11181 | D:10     | Identified a scroll of acquirement
 11827 | D:10     | Found a staircase to the Orcish Mines.
 11828 | D:10     | Found Ocatoc's Weapon Emporium.
 11905 | D:10     | Reached XP level 11. HP: 86/97 MP: 11/11
 11934 | D:10     | Reached ***** piety under Trog
 11941 | D:10     | Received a gift from Trog
 13017 | D:11     | Reached skill level 12 in Axes
 13248 | D:11     | Found a hide-covered altar of Uskayaw.
 13289 | D:11     | Noticed a white ugly thing
 13326 | D:10     | Killed a green ugly thing
 13681 | D:11     | Found Toquesae's Antique Armour Shop.
 13687 | D:11     | Bought a pair of embroidered boots for 270 gold pieces
 13798 | D:11     | Noticed a two-headed ogre
 13805 | D:11     | Killed a two-headed ogre
 13805 | D:11     | Reached skill level 10 in Fighting
 14336 | Lair:1   | Entered Level 1 of the Lair of Beasts
 14343 | Lair:1   | Noticed a five-headed hydra
 14356 | Lair:1   | Killed a one-headed hydra
 14356 | Lair:1   | Reached skill level 5 in Throwing
 14629 | Lair:1   | Noticed a six-headed hydra
 14639 | Lair:1   | Killed a one-headed hydra
 15054 | Lair:2   | Noticed Fannar
 15070 | Lair:2   | Killed Fannar
 15332 | Lair:2   | Reached XP level 12. HP: 103/107 MP: 12/12
 15439 | Lair:2   | Reached skill level 13 in Axes
 16583 | Lair:3   | Noticed a six-headed hydra
 16594 | Lair:3   | Killed a one-headed hydra
 16892 | Lair:3   | Noticed an eight-headed hydra
 17235 | Lair:2   | Killed a two-headed hydra
 17944 | Lair:3   | Found a hole to the Spider Nest.
 17998 | Lair:3   | Noticed a five-headed hydra
 18012 | Lair:3   | Killed a one-headed hydra
 18640 | Lair:3   | Reached skill level 14 in Axes
 19602 | Lair:3   | Found a staircase to the Swamp.
 19823 | Lair:4   | Noticed Snorg
 19831 | Lair:4   | Killed Snorg
 19831 | Lair:4   | Reached XP level 13. HP: 107/116 MP: 13/13
 20242 | Lair:4   | Received a gift from Trog
 20257 | Lair:4   | Reached skill level 10 in Dodging
 20572 | Lair:5   | Noticed Steelmeadow's ghost (journeyman DrFE)
 21966 | Lair:5   | Killed Steelmeadow's ghost
 22276 | Lair:5   | Noticed Urug
 22615 | Lair:5   | Killed Urug
 22974 | Lair:5   | Reached skill level 15 in Axes
 23425 | Lair:6   | Entered Level 6 of the Lair of Beasts
 23927 | Lair:6   | Received a gift from Trog
 24612 | Lair:6   | Gained mutation: Your large and strong wings let you fly indefinitely. [Black Draconian growth]
 24612 | Lair:6   | Reached XP level 14. HP: 127/127 MP: 14/14
 24845 | Lair:6   | Found a staircase to the Slime Pits.
 24989 | Lair:6   | Received a gift from Trog
 25103 | Lair:6   | HP: 2/127 [catoblepas (9)]
 26487 | Lair:6   | Received a gift from Trog
 27268 | Lair:6   | Reached skill level 16 in Axes
 27708 | D:12     | Received a gift from Trog
 27976 | D:12     | HP: 2/129 [two-headed ogre/dire flail (25)]
 28392 | D:12     | Received a gift from Trog
 28457 | D:12     | Noticed Sonja
 28468 | D:12     | Killed Sonja
 28642 | D:12     | Reached skill level 1 in Evocations
 28690 | D:12     | HP: 1/130 [fire dragon (10)]
 29161 | D:12     | Noticed Maurice
 29173 | D:12     | Noticed Nessos
 29178 | D:12     | Killed Maurice
 29190 | D:12     | Killed Nessos
 29758 | D:12     | Noticed Rupert
 29774 | D:12     | Killed Rupert
 29774 | D:12     | Reached skill level 17 in Axes
 30321 | Orc:1    | Entered Level 1 of the Orcish Mines
 30396 | Orc:1    | Found Doucrud's Food Emporium.
 30612 | Orc:1    | Received a gift from Trog
 31042 | Orc:1    | Noticed an orc warlord
 31051 | Orc:1    | Killed an orc warlord
 31116 | Orc:1    | Found Poshrao's Magic Scroll Shoppe.
 31752 | D:13     | Found Kyek Itt's Armour Shop.
 31869 | D:13     | Reached XP level 15. HP: 78/138 MP: 15/15
 31879 | D:12     | Received a gift from Trog
 32129 | D:13     | Found Xojeji Legu's Magic Scroll Emporium.
 32200 | D:13     | HP: 5/207 [mirror damage (26)]
 32773 | D:13     | Found Ziamuwn's Distillery.
 32778 | D:13     | Bought a potion of curing for 36 gold pieces
 32778 | D:13     | Bought a potion of curing for 36 gold pieces
 32778 | D:13     | Bought a potion of might for 48 gold pieces
 33033 | D:14     | Found an iron altar of Okawaru.
 33398 | D:14     | Found a blossoming altar of Fedhas.
 33607 | D:14     | Reached skill level 18 in Axes
 34050 | D:14     | Received a gift from Trog
 34113 | D:14     | Found a gate to the Vaults.
 34284 | D:15     | Entered Level 15 of the Dungeon
 34349 | D:15     | Found Tauq's Changing Room.
 34961 | D:15     | Found a staircase to the Depths.
 34961 | D:15     | Noticed a fire giant
 34988 | D:15     | Received a gift from Trog
 35539 | D:15     | Killed a fire giant
 36293 | Swamp:1  | Entered Level 1 of the Swamp
 36311 | Swamp:1  | Noticed Kirke
 36320 | Swamp:1  | Killed Kirke
 36409 | Swamp:1  | HP: 1/139 [spriggan rider/spear (8)]
 36411 | Swamp:1  | Mangled by a spriggan rider

Vault maps used:
D:1:      sevenhm_arrival_forest_fort_small_6, st_stairs_7
D:3:      grunt_temple_overflow_order_and_chaos_1, first_ration
D:4:      minmay_checkerbox
D:5:      roderic_batcave, uniq_blork_the_orc
D:6:      basic_altar
D:7:      minitemple, minmay_temple_entry_mist, uniq_menkaure, uniq_pikel
D:8:      chequers_temple_overflow_statue_of_worship, lair_entry_dummy,
          serial_shops, shop, grunt_livestock, grunt_ministairs_10
D:9:      nicolae_overflow_hidden_temple, enter_bailey_3, minmay_misc_feat_chi
D:10:     orc_david_3, minmay_misc_feat_columns, columned_hall_lemuel
D:11:     portal_ice_cave_entry_imps, basic_altar, serial_shops, shop
D:12:     grunt_potential, uniq_sonja, uniq_rupert, uniq_maurice, uniq_nessos
D:13:     lab_entry_generic, serial_shops, shop_fountains, shop,
          kennysheep_little_box, kennysheep_generic_room_8
D:14:     david_vaults_1, basic_altar, fedhas_altar_2
D:15:     grunt_enter_depths_giant_problem, grunt_ministairs_10,
          nicolae_transmutations_shop
Lair:2:   uniq_fannar
Lair:3:   nicolae_swamp_entry_splash_gauntlet,
          nicolae_spider_entry_tight_spaces, bobbens_dragon_lair_wall
Lair:4:   serial_bayou_pond_b, minmay_lair_oklob_chamber,
          infiniplex_staircase_pool_2, uniq_snorg
Lair:5:   beast_lair_carwin_5, grunt_megastairs_4, uniq_urug
Lair:6:   evilmike_catoblepas_cave, dpeg_slime_entry_corner, grunt_megastairs_3
Swamp:1:  serial_swamp_ruin, hangedman_swamp_ruin_wall,
          evilmike_swamp_ruin_rubble_2, hangedman_swamp_ruin_hall, uniq_kirke
Orc:1:    minmay_goldmine, serial_shops, nicolae_shop_stone,
          nicolae_shop_crystal, minmay_orc_barracks

Skill      XL: |  1  2  3  4  5  6  7  8  9 10 11 12 13 14 15 |
---------------+----------------------------------------------+-----
Dodging        | 3 4 5 6 7 8 9 10 11 | 11.4
Axes           | 4 5 6 8 10 11 12 14 15 17 18 | 18.8
Fighting       | 4 5 6 8 9 10 11 12 14 | 14.8
Shields        | 1 2 3 4 |  4.1
Throwing       | 1 3 5 7 8 9 |  9.4
Evocations     | 1 |  1.2

Action                   |  1- 3 |  4- 6 |  7- 9 | 10-12 | 13-15 || total
-------------------------+-------+-------+-------+-------+-------++-------
Melee: Hand axe          |   119 |   151 |   460 |  1046 |   333 ||  2109
       Tailslap          |    12 |    15 |    87 |   237 |   181 ||   532
       Battleaxe         |       |       |       |    42 |       ||    42
       Executioner's axe |       |       |       |       |   458 ||   458
Throw: Throwing net      |       |     1 |     2 |       |       ||     3
       Javelin           |       |       |       |    17 |   167 ||   184
       Tomahawk          |       |       |       |       |   107 ||   107
Invok: Berserk           |       |     2 |     6 |    15 |    24 ||    47
       Trog's Hand       |       |       |     1 |     8 |     8 ||    17
       Brothers in Arms  |       |       |       |     3 |     8 ||    11
 Abil: Breathe Lightning |       |       |    13 |     4 |       ||    17
Evoke: Wand              |       |       |    21 |    10 |    13 ||    44
       Lamp of fire      |       |       |       |     1 |       ||     1
  Use: Scroll            |     3 |     6 |     8 |    19 |    16 ||    52
       Potion            |     3 |     1 |     3 |     6 |    17 ||    30
 Stab: Sleeping          |     1 |       |       |     2 |     1 ||     4
       Invisible         |       |       |       |     4 |       ||     4
       Distracted        |       |       |       |     1 |       ||     1
       Fleeing           |       |       |       |     1 |       ||     1
       Paralysed         |       |       |       |     3 |     1 ||     4
  Eat: Chunk             |     2 |     7 |    11 |    33 |    42 ||    95
       Ration            |       |       |     4 |     7 |    11 ||    22
Armor: Skin              |    43 |    43 |   141 |   241 |   275 ||   743
Dodge: Dodged            |   121 |    84 |   303 |   620 |   650 ||  1778
Block: Buckler           |       |    19 |    88 |   181 |    57 ||   345

Table legend:
 A = Spawn XP
 B = Non-spawn XP
 C = Spawn XP percentage of total XP
 D = Spawn monster count
 E = Non-spawn monster count
 F = Spawn count percentage of total count
 G = Total turns spent on level
                    A         B        C        D         E        F      G
               +---------+---------+-------+---------+---------+-------+---------
         Total |       0 |  138239 |   0.0 |       0 |     713 |   0.0 | 36411
               +---------+---------+-------+---------+---------+-------+---------
           D:1 |       0 |      44 |   0.0 |       0 |      20 |   0.0 |   632
           D:2 |       0 |      53 |   0.0 |       0 |      21 |   0.0 |   871
           D:3 |       0 |      59 |   0.0 |       0 |      19 |   0.0 |   900
           D:4 |       0 |     503 |   0.0 |       0 |      25 |   0.0 |   885
           D:5 |       0 |     611 |   0.0 |       0 |      32 |   0.0 |   880
           D:6 |       0 |    1842 |   0.0 |       0 |      20 |   0.0 |  2550
           D:7 |       0 |    1866 |   0.0 |       0 |      19 |   0.0 |  1498
           D:8 |       0 |    3323 |   0.0 |       0 |      29 |   0.0 |  1671
           D:9 |       0 |    1498 |   0.0 |       0 |      35 |   0.0 |  1854
          D:10 |       0 |    2202 |   0.0 |       0 |      35 |   0.0 |  1803
          D:11 |       0 |    5765 |   0.0 |       0 |      52 |   0.0 |  1459
          D:12 |       0 |   18927 |   0.0 |       0 |      67 |   0.0 |  2543
          D:13 |       0 |    3724 |   0.0 |       0 |      13 |   0.0 |  1310
          D:14 |       0 |   15788 |   0.0 |       0 |      43 |   0.0 |  1556
          D:15 |       0 |   10753 |   0.0 |       0 |      26 |   0.0 |  1697
        Lair:1 |       0 |    2919 |   0.0 |       0 |       8 |   0.0 |   776
        Lair:2 |       0 |    5434 |   0.0 |       0 |      19 |   0.0 |  2604
        Lair:3 |       0 |   11398 |   0.0 |       0 |      44 |   0.0 |  2128
        Lair:4 |       0 |    4314 |   0.0 |       0 |      16 |   0.0 |  1804
        Lair:5 |       0 |   22269 |   0.0 |       0 |      60 |   0.0 |  4190
        Lair:6 |       0 |   14072 |   0.0 |       0 |      40 |   0.0 |  1709
       Swamp:1 |       0 |    5781 |   0.0 |       0 |      12 |   0.0 |   118
         Orc:1 |       0 |    5094 |   0.0 |       0 |      58 |   0.0 |   973
               +---------+---------+-------+---------+---------+-------+---------
